 Dungeon Crawl Stone Soup version 0.32-a0-468-g38b2580584 (webtiles) character file.

Game seed: 5313670251093224725

12 shoop the Chopper (level 2, -12/24 HPs)
             Began as a Mountain Dwarf Warper on Feb 25, 2024.
             Mangled by an ogre
             ... wielding a +0 giant club
              (23 damage)
             ... on level 2 of the Dungeon.
             The game lasted 00:00:51 (816 turns).

shoop the Chopper (Mountain Dwarf Warper)            Turns: 816, Time: 00:00:52

Health: -12/24     AC:  3    Str: 13    XL:     2   Next: 20%
Magic:  4/4        EV: 11    Int: 13    God:
Gold:   24         SH:  0    Dex:  9    Spells: 4/4 levels left

rFire   . . .        a - +0 hand axe
rCold   . . .        (no shield)
rNeg    . . .        b - +0 leather armour
rPois   .            (no helmet)
rElec   .            (no cloak)
rCorr   .            (no gloves)
SInv    .            (no boots)
Will    .....        (no amulet)
Stlth   +            (no ring)
HPRegen 0.24/turn    (no ring)
MPRegen 0.09/turn

%: no passive effects
@: no status effects
A: runic magic, artefact enchanting
a: no special abilities


You were on level 2 of the Dungeon.
You visited 1 branch of the dungeon, and saw 2 of its levels.

You collected 24 gold pieces.

Inventory:

Hand Weapons
 a - a +0 hand axe (weapon)
Missiles
 d - 7 darts of dispersal (quivered)
Armour
 b - a +0 leather armour (worn)
Jewellery
 f - a ring of fire
Scrolls
 c - a scroll of blinking
 e - a scroll of enchant armour {unknown}
 g - 2 scrolls of teleportation {unknown}


   Skills:
 - Level 2.2 Fighting
 + Level 3.5 Axes
 - Level 0.7 Throwing
 - Level 1.1 Armour
 - Level 1.4 Dodging
 - Level 1.7 Spellcasting
 - Level 2.4 Translocations


You had 4 spell levels left.
You didn't know any spells.
Your spell library contained the following spells:

 Spells                   Type           Power      Damage    Failure   Level
 Blink                    Tloc           14%        N/A       16%         2
 Lesser Beckoning         Tloc           14%        N/A       16%         2
 Magic Dart               Conj           4%         1d3       26%         1
 Teleport Other           Tloc           7%         N/A       30%         3
 Call Imp                 Summ           2%         N/A       38%         2
 Manifold Assault         Tloc           7%         N/A       69%         4
 Vhi's Electric Charge    Tloc/Air       8%         N/A       86%         4


Dungeon Overview and Level Annotations

Branches:
Dungeon (2/15)

Altars:

Shops:
D:1 [


Innate Abilities, Weirdness & Mutations

Your spellcasting is much less encumbered by armour.
You can use scrolls of enchantment on lesser artefacts.


Message History

You hit the kobold but do no damage.
The kobold is severely wounded.
The kobold hits you with a +0 whip.
You closely miss the kobold.
The kobold is severely wounded.
The kobold barely misses you. The kobold hits you but does no damage.
You hit the kobold.
You kill the kobold!
A goblin comes into view. It is wielding a +0 dagger.
The goblin shouts!
An ogre comes into view. It is wielding a +0 giant club.
The ogre shouts!
Found a stone staircase leading up.
The ogre closely misses you.
You hit the ogre but do no damage. You hit the ogre but do no damage.
You completely miss the goblin. The ogre hits you with a +0 giant club!
The goblin barely misses you.
You hit the ogre.
The ogre is lightly wounded.
You hit the goblin. The ogre closely misses you.
The goblin hits you with a +0 dagger.
You are too injured to fight recklessly!
You are too injured to fight recklessly!
You are too injured to fight recklessly!
The goblin attacks as it pursues you! The goblin hits you but does no damage.
You are too injured to fight recklessly!
You are too injured to fight recklessly!
You are too injured to fight recklessly!
You barely miss the goblin.
The goblin is severely wounded.
The goblin barely misses you.
You barely miss the goblin.
The goblin is severely wounded.
The goblin hits you with a +0 dagger.
You hit the goblin.
You kill the goblin!
You hit the ogre.
The ogre is lightly wounded.
The ogre hits you with a +0 giant club!!
Ouch! That really hurt!
You die...

### ################.#
#................#
######.#........####.#
#....O..........# #.#
#....#@#........# #.#
.......#.#........#
#.#
###....#.#........#
#.# #....#.#####'####
#.# #.<..#.# #)# #.#
#....#.# #.#######.##
#....#.. #.#......<..
### #.#######.#.
#.#.......#.


You could see an ogre.

Vanquished Creatures
  3 ball pythons (D:1)
  A goblin (D:2)
  4 kobolds
  2 bats (D:1)
  A frilled lizard (D:1)
  A rat (D:1)
12 creatures vanquished.

Notes
Turn   | Place    | Note
-------+----------+-------------------------------------------
     0 | D:1      | shoop the Mountain Dwarf Warper began the quest for the
                  | Orb.
     0 | D:1      | Reached XP level 1. HP: 17/17 MP: 3/3
   180 | D:1      | Reached skill level 3 in Axes
   395 | D:1      | Found Keusys's Armour Boutique.
   492 | D:1      | Reached XP level 2. HP: 21/24 MP: 4/4
   807 | D:2      | Noticed an ogre
   816 | D:2      | Mangled by an ogre

Illustrated notes

Levels and vault maps discovered:
D:1:      roadster_arrival_rocket_small, layout_basic, serial_shops,
          nicolae_shop_hallway_plus
D:2:      layout_basic, ebering_ecumenical_altar_sacrificial,
          uniq_crazy_yiuf_cottage

Skill      XL: |  1 |
---------------+----+-----
Axes           | 3 |  3.5
Fighting       | |  2.2
Throwing       | |  0.7
Armour         | |  1.1
Dodging        | |  1.4
Spellcasting   | |  1.7
Translocations | |  2.4

Action                     || total
---------------------------++-------
  Melee: Hand axe          ||    51
 Armour: Leather armour    ||    40
  Dodge: Dodged            ||    27

Table legend: (Time is in decaauts)
 A = Elapsed time spent in this place.
 B = Non-inter-level travel time spent in this place.
 C = Inter-level travel time spent in this place.
 D = Time resting spent in this place.
 E = Time spent auto-exploring this place.
 F = Levels seen in this place.
 G = Mean time per level.
                   A        B        C        D        E       F      G
               +--------+--------+--------+--------+--------+-----+--------+
         Total |    823 |    815 |      8 |      0 |    702 |   2 |  411.5 |
       Dungeon |    823 |    815 |      8 |      0 |    702 |   2 |  411.5 |
               +--------+--------+--------+--------+--------+-----+--------+

Top non-repeatable levels by time:
     D:1: 716 daAuts
     D:2: 106 daAuts
